[Event "fics rated crazyhouse match"]
[Site "fics, Oklahoma City, OK USA"]
[Date "2000.12.06"]
[White "VABORIS"]
[WhiteElo "2301"]
[Black "venomous"]
[BlackElo "2398"]
[TimeControl "60+0"]
[Result "0-1"]

1. e4 e6 2. d4 d5 3. e5 c5 4. c3 cxd4 5. cxd4 P@d6 6. exd6 
Bxd6 7. P@e5 Bb4+ 8. P@c3 Be7 9. Nh3 Nc6 10. Nf4 P@f6 11. Nh5 Bf8 
12. exf6 Nxf6 13. Bg5 P@e7 14. Bxf6 exf6 15. P@h6 Rg8 16. Bd3 B@g6 17. Bxg6 
fxg6 18. hxg7 Bxg7 19. Nxg7+ Rxg7 20. P@h6 Rf7 21. N@g7+ Ke7 22. B@c5+ P@d6 
23. Bxd6+ Kxd6 24. P@e5+ fxe5 25. dxe5+ Nxe5 26. P@d4 N@d3+ 27. Kd2 Rxf2+ 28. B@e2 
B@g5+ 29. Kc2 B@e4 30. dxe5+ Nxe5+ 31. Kb3 P@c4+ 32. Ka3 Qa5+ 33. N@a4 Bd7 
34. b4 cxb3 35. axb3 P@c2 36. P@c5+ Kc7 
{VABORIS forfeits on time} 0-1

[Event "fics rated crazyhouse match"]
[Site "fics, Oklahoma City, OK USA"]
[Date "2000.12.17"]
[White "Thufir"]
[WhiteElo "2373"]
[Black "LINDEGREN"]
[BlackElo "2344"]
[TimeControl "60+0"]
[Result "1-0"]

1. e4 Nf6 2. Nc3 Nc6 3. d4 d5 4. exd5 Nxd5 5. Nf3 e6 6. Bd3 
Bb4 7. Bd2 P@a3 8. Nxd5 Bxd2+ 9. Qxd2 axb2 10. Rd1 exd5 11. Qe3+ P@e6 
12. N@h5 B@f8 13. B@h4 Qd7 14. P@h6 N@g4 15. hxg7 Bxg7 16. Nxg7+ Kf8 17. Qe2 
Kxg7 18. P@h6+ Kg8 19. B@h5 N@f6 20. Bxg4 Nxg4 21. h3 B@e7 22. Bxe7 Qxe7 
23. hxg4 B@f6 24. N@h5 Bd7 25. B@e5 Nxe5 26. dxe5 Bxe5 27. Qxe5 P@f6 28. Nxf6+ 
Kf8 29. P@g7# 
{LINDEGREN checkmated} 1-0

[Event "fics rated crazyhouse match"]
[Site "fics, Oklahoma City, OK USA"]
[Date "2000.12.17"]
[White "LINDEGREN"]
[WhiteElo "2337"]
[Black "Thufir"]
[BlackElo "2380"]
[TimeControl "60+0"]
[Result "1-0"]

1. e4 e6 2. Nc3 Nc6 3. d4 Bb4 4. a3 Ba5 5. Nf3 Nf6 6. Bd3 
d5 7. exd5 exd5 8. Qe2+ P@e4 9. P@g5 Ng4 10. Bxe4 dxe4 11. Qxe4+ Be6 
12. P@f5 Bxc3+ 13. bxc3 Nxf2 14. Kxf2 B@d5 15. Qe2 N@g4+ 16. Kf1 Bxf3 17. gxf3 
P@g2+ 18. Kxg2 N@h4+ 19. Kh3 Nxf5 20. fxg4 Nfxd4 21. cxd4 Nxd4 22. B@a4+ P@c6 
23. Qe4 P@f5 24. Qe3 fxg4+ 25. Kg2 P@f3+ 26. Kf2 P@g2 27. Rg1 Ne2 28. N@h5 
Nxg1 29. Nxg7+ Kd7 30. Bxc6+ bxc6 31. N@c5+ Ke7 32. B@f6+ Kf8 33. Ngxe6+ fxe6 
34. P@g7+ Kf7 35. N@e5+ Ke8 36. P@f7# 
{Thufir checkmated} 1-0

[Event "fics rated crazyhouse match"]
[Site "fics, Oklahoma City, OK USA"]
[Date "2000.12.17"]
[White "Thufir"]
[WhiteElo "2371"]
[Black "LINDEGREN"]
[BlackElo "2346"]
[TimeControl "60+0"]
[Result "1-0"]

1. e4 Nf6 2. e5 Nd5 3. d4 e6 4. Nf3 d6 5. Be2 Nc6 6. O-O 
Bd7 7. c4 Nb6 8. exd6 Bxd6 9. c5 Nd5 10. cxd6 cxd6 11. Nc3 Nxc3 
12. bxc3 P@f6 13. N@h5 Rg8 14. P@h6 gxh6 15. Bxh6 N@f5 16. P@g5 Nxh6 17. gxh6 
B@g4 18. N@g7+ Kf8 19. B@h4 P@e7 20. h3 Bxh5 21. Nxh5 P@g6 22. B@g7+ Ke8 
23. Nxf6+ exf6 24. Bgxf6 Qb6 25. P@b5 Na5 26. P@b4 N@b2 27. bxa5 Qxa5 28. Qb3 
N@a4 29. Ne5 Qc7 30. Nxd7 Qxd7 31. B@e7 P@d3 32. Bxd3 Nxd3 33. Qxa4 N@e2+ 
34. Kh2 B@d5 35. N@g7+ Rxg7 36. hxg7 Qc7 37. g8=Q+ Kd7 38. N@f8+ Rxf8 39. Qxf8 
N@f3+ 40. gxf3 N@g4+ 41. hxg4 Nef4 42. b6# 
{LINDEGREN forfeits on time} 1-0

[Event "fics rated crazyhouse match"]
[Site "fics, Oklahoma City, OK USA"]
[Date "2000.12.17"]
[White "LINDEGREN"]
[WhiteElo "2339"]
[Black "Thufir"]
[BlackElo "2378"]
[TimeControl "60+0"]
[Result "1-0"]

1. e4 e6 2. Nc3 Nc6 3. d4 Nf6 4. a3 Be7 5. e5 Nd5 6. Nxd5 
exd5 7. Nf3 d6 8. Bb5 Bg4 9. h3 Bxf3 10. Qxf3 dxe5 11. N@h5 Rg8 
12. Bxc6+ bxc6 13. B@g4 P@e4 14. Qe2 exd4 15. N@e5 B@b5 16. Qxb5 cxb5 17. B@c6+ 
P@d7 18. Nxd7 f6 19. Ndxf6+ Kf7 20. P@e6+ Kf8 21. Nxh7# 
{Thufir checkmated} 1-0

[Event "fics rated crazyhouse match"]
[Site "fics, Oklahoma City, OK USA"]
[Date "2000.12.17"]
[White "Thufir"]
[WhiteElo "2369"]
[Black "LINDEGREN"]
[BlackElo "2348"]
[TimeControl "60+0"]
[Result "0-1"]

1. e4 Nf6 2. e5 Nd5 3. d4 e6 4. Nf3 d6 5. c4 Nb6 6. exd6 
cxd6 7. Be3 Nc6 8. Nc3 Be7 9. Be2 P@g4 10. Nd2 h5 11. O-O Bd7 
12. f3 gxf3 13. Nxf3 P@g4 14. Ne1 O-O 15. P@f4 Bh4 16. d5 exd5 17. cxd5 
g3 18. hxg3 Bxg3 19. dxc6 Qh4 20. P@h3 P@h2+ 21. Kh1 Bxe1 22. Qxe1 Qxe1 
23. Raxe1 N@g3+ 24. Kxh2 Nxf1+ 25. Rxf1 P@g3+ 26. Kxg3 h4+ 27. Kxh4 Bxc6 28. P@h7+ 
Kh8 29. N@g5 R@h6+ 30. P@h5 Bxg2 31. Nxf7+ Rxf7 32. N@g6+ Rxg6 33. hxg6 N@f5+ 
34. Kg4 Q@g3+ 35. Kh5 Qh4# 
{Thufir checkmated} 0-1

[Event "fics rated crazyhouse match"]
[Site "fics, Oklahoma City, OK USA"]
[Date "2000.12.17"]
[White "LINDEGREN"]
[WhiteElo "2356"]
[Black "Thufir"]
[BlackElo "2361"]
[TimeControl "60+0"]
[Result "0-1"]

1. e4 e6 2. Nc3 Nc6 3. d4 Bb4 4. a3 Ba5 5. Nf3 Nf6 6. Bd3 
d5 7. exd5 exd5 8. Qe2+ P@e4 9. P@g5 Bg4 10. gxf6 gxf6 11. Bxe4 dxe4 
12. Qxe4+ B@e6 13. N@g7+ Kd7 14. Nxe6 Bxe6 15. d5 Bxc3+ 16. bxc3 Bxd5 17. Qxd5+ 
P@d6 18. B@h3+ P@e6 19. B@b5 N@b6 20. Bxc6+ bxc6 21. Qd1 Rg8 22. B@b7 B@b5 
23. a4 Nxa4 24. N@d4 P@e2 25. Nxe2 Bxe2 26. Qxe2 Nxc3 27. Bxc6+ Ke7 28. Qd3 
N@d5 29. O-O N@b4 30. Bxd5 Nxd3 31. N@c6+ Ke8 32. Nxd8 Rxd8 33. Bdxe6 fxe6 
34. B@h5+ P@f7 35. Bxe6 N@h3+ 36. Kh1 Q@g1+ 37. Nxg1 Ndxf2+ 38. Rxf2 Nxf2# 
{LINDEGREN checkmated} 0-1

[Event "fics rated crazyhouse match"]
[Site "fics, Oklahoma City, OK USA"]
[Date "2000.12.17"]
[White "Thufir"]
[WhiteElo "2369"]
[Black "LINDEGREN"]
[BlackElo "2348"]
[TimeControl "60+0"]
[Result "0-1"]

1. e4 Nf6 2. e5 Nd5 3. d4 e6 4. Nf3 d6 5. Be2 Nc6 6. O-O 
Bd7 7. c4 Be7 8. exd6 Bxd6 9. cxd5 exd5 10. P@e5 Be7 11. Nc3 Be6 
12. N@f4 O-O 13. Nxe6 fxe6 14. B@g5 N@f5 15. Bxe7 Qxe7 16. B@g5 Qf7 17. Bge3 
B@e7 18. Nb5 P@e4 19. Ne1 P@d3 20. Bg4 Bh4 21. Bxf5 exf5 22. N@g5 Bxg5 
23. Bxg5 B@e2 24. Nxd3 exd3 25. Qe1 Bxf1 26. Qxf1 N@e2+ 27. Kh1 Ncxd4 28. Nxd4 
Nxd4 29. N@e7+ Kh8 30. P@f6 P@e2 31. Qg1 R@f1 32. Bce3 N@d1 33. Rxd1 exd1=Q 
34. fxg7+ Qxg7 35. N@h3 Rxg1+ 36. Nxg1 R@f1 37. f3 Rxg1+ 38. Bxg1 N@f2# 
{Thufir checkmated} 0-1

[Event "fics rated crazyhouse match"]
[Site "fics, Oklahoma City, OK USA"]
[Date "2000.12.17"]
[White "LINDEGREN"]
[WhiteElo "2356"]
[Black "Thufir"]
[BlackElo "2361"]
[TimeControl "60+0"]
[Result "1-0"]

1. e4 e6 2. Nc3 Nc6 3. d4 Bb4 4. Nf3 Nf6 5. Bd3 d5 6. exd5 
exd5 7. Qe2+ P@e4 8. P@g5 Ng4 9. Bxe4 dxe4 10. Qxe4+ B@e6 11. O-O Bxc3 
12. bxc3 N@d5 13. Bd2 Qe7 14. B@h4 f6 15. gxf6 Ngxf6 16. Qe1 P@g4 17. Ne5 
O-O 18. P@g6 Nxe5 19. gxh7+ Kxh7 20. dxe5 P@f3 21. N@g5+ Kg8 22. exf6 Nxf6 
23. N@g6 Qe8 24. P@h7+ Nxh7 25. Nxh7 Qxg6 26. Nxf8 N@e2+ 27. Qxe2 fxe2 28. R@h8+ 
Kf7 29. Nxg6 N@h3+ 30. Kh1 exf1=Q+ 31. Rxf1 R@e8 32. Ne5# 
{Thufir checkmated} 1-0

[Event "fics rated crazyhouse match"]
[Site "fics, Oklahoma City, OK USA"]
[Date "2000.12.17"]
[White "Thufir"]
[WhiteElo "2353"]
[Black "LINDEGREN"]
[BlackElo "2364"]
[TimeControl "60+0"]
[Result "0-1"]

1. e4 Nf6 2. e5 Nc6 3. d4 Nd5 4. Nf3 e6 5. c4 Ndb4 6. Nc3 
d6 7. exd6 Bxd6 8. Be3 Qe7 9. Be2 P@g4 10. Ng1 h5 11. h3 g3 
12. fxg3 Bxg3+ 13. P@f2 P@f4 14. Bc1 Bxf2+ 15. Kxf2 P@e3+ 16. Kf1 e5 17. d5 
Nd4 18. Nf3 Nxf3 19. gxf3 N@g3+ 20. Kg2 e4 21. fxe4 Nxe4 22. Nxe4 Qxe4+ 
23. B@f3 N@h4+ 24. Kh2 P@g3+ 25. Kg1 Qe7 26. N@g2 Nxg2 27. Bxg2 N@f2 28. Qd4 
Nc2 29. Qxf4 Nxh1 30. Qxg3 Nxg3 31. Bxe3 Nxe2+ 32. Kf2 Nxe3 33. P@e4 B@g3+ 
34. Kxe2 R@f2+ 35. Kd3 Q@d2# 
{Thufir checkmated} 0-1

[Event "fics rated crazyhouse match"]
[Site "fics, Oklahoma City, OK USA"]
[Date "2000.12.17"]
[White "LINDEGREN"]
[WhiteElo "2372"]
[Black "Thufir"]
[BlackElo "2345"]
[TimeControl "60+0"]
[Result "1-0"]

1. e4 e6 2. Nc3 b6 3. d4 Bb7 4. Bd3 Nf6 5. f3 Bb4 6. Ne2 
d5 7. e5 Nfd7 8. O-O O-O 9. Ng3 c5 10. Be3 cxd4 11. Bxd4 P@c5 
12. P@e3 cxd4 13. exd4 B@g6 14. P@h5 Bxd3 15. cxd3 Nc6 16. B@e3 Bxc3 17. bxc3 
N@f5 18. B@f4 Nxe3 19. Bxe3 B@b2 20. h6 gxh6 21. f4 Bxc3 22. N@f6+ Nxf6 
23. exf6 Qxf6 24. Nh5 Qg6 25. N@f6+ Kh8 26. f5 exf5 27. Bxh6 Bxd4+ 28. Kh1 
Bxf6 29. Nxf6 P@g7 30. Bxg7+ Qxg7 31. Nh5 Qxg2+ 32. Kxg2 N@e3+ 33. Kf3 B@g4+ 
34. Kxe3 B@d4+ 35. Kd2 P@c3+ 36. Kc2 Nb4+ 37. Kb3 N@c5+ 38. Ka3 Nc2+ 39. Qxc2 
P@b4+ 40. Kxb4 a5+ 41. Kb5 P@a6+ 42. Kxb6 
{Thufir forfeits on time} 1-0

[Event "fics rated crazyhouse match"]
[Site "fics, Oklahoma City, OK USA"]
[Date "2000.12.17"]
[White "Thufir"]
[WhiteElo "2338"]
[Black "LINDEGREN"]
[BlackElo "2379"]
[TimeControl "60+0"]
[Result "0-1"]

1. e4 Nf6 2. e5 Nd5 3. d4 e6 4. Nf3 d6 5. Be2 Nc6 6. O-O 
Be7 7. c4 Nb6 8. exd6 cxd6 9. Be3 Bd7 10. Nc3 f5 11. d5 O-O 
12. dxc6 Bxc6 13. P@h6 gxh6 14. Bxh6 P@g4 15. Nd4 Bxg2 16. Bxg4 Bxf1 17. Nxe6 
Qe8 18. P@g7 Rf6 19. N@c7 P@g2 20. f3 Rxh6 21. Qxf1 gxf1=Q+ 22. Rxf1 B@e3+ 
23. P@f2 P@g2 24. Kxg2 fxg4 25. fxg4 Q@h3+ 26. Kg1 Qxh2# 
{Thufir checkmated} 0-1

[Event "fics rated crazyhouse match"]
[Site "fics, Oklahoma City, OK USA"]
[Date "2000.12.17"]
[White "Thufir"]
[WhiteElo "2340"]
[Black "LINDEGREN"]
[BlackElo "2377"]
[TimeControl "60+0"]
[Result "1-0"]

1. e4 Nf6 2. e5 Nd5 3. d4 e6 4. Nf3 d6 5. Be2 Nc6 6. O-O 
Bd7 7. c4 Be7 8. cxd5 exd5 9. N@h5 Rg8 10. Nc3 Be6 11. exd6 cxd6 
12. P@f5 Bxf5 13. Nxd5 P@h3 14. gxh3 Bxh3 15. Re1 P@e4 16. Bb5 P@f5 17. Nxe7 
Qxe7 18. P@d5 P@d7 19. dxc6 dxc6 20. Ng5 N@e6 21. Nxh3 P@g4 22. N3f4 Nxf4 
23. Nxf4 N@f3+ 24. Kh1 Nxe1 25. Qxe1 cxb5 26. N@d5 B@f3+ 27. P@g2 Bxg2+ 28. Nxg2 
P@f3 29. Ngf4 R@e2 30. Nxe2 fxe2 31. Qxe2 N@f3 32. Nxe7 Kxe7 33. N@d5+ Ke6 
34. Q@e7+ Kxd5 35. N@c3+ Kc6 36. Qxb5# 
{LINDEGREN checkmated} 1-0

[Event "fics rated crazyhouse match"]
[Site "fics, Oklahoma City, OK USA"]
[Date "2000.12.17"]
[White "LINDEGREN"]
[WhiteElo "2368"]
[Black "Thufir"]
[BlackElo "2349"]
[TimeControl "60+0"]
[Result "1-0"]

1. e4 e6 2. Nc3 d6 3. d4 Nf6 4. Nf3 Be7 5. Bb5+ Nbd7 6. O-O 
O-O 7. Be3 e5 8. dxe5 Nxe5 9. Nxe5 dxe5 10. Qxd8 Rxd8 11. P@h6 gxh6 
12. Bxh6 N@h5 13. P@g7 Nxg7 14. Bxg7 Kxg7 15. Nd5 P@h3 16. Nxe7 P@g6 17. B@g5 
h6 18. Bxf6+ Kxf6 19. N@d5+ Rxd5 20. Nxd5+ Kg5 21. Q@f6+ Kg4 22. R@h4# 
{Thufir checkmated} 1-0

[Event "fics rated crazyhouse match"]
[Site "fics, Oklahoma City, OK USA"]
[Date "2000.12.17"]
[White "Thufir"]
[WhiteElo "2341"]
[Black "LINDEGREN"]
[BlackElo "2376"]
[TimeControl "60+0"]
[Result "1-0"]

1. e4 Nf6 2. e5 Nc6 3. d4 Nd5 4. Nf3 e6 5. Be2 d6 6. O-O 
Be7 7. c4 Nb6 8. exd6 cxd6 9. Be3 Bd7 10. Nc3 f5 11. d5 exd5 
12. cxd5 Ne5 13. Nxe5 dxe5 14. P@e6 O-O 15. P@f7+ Kh8 16. exd7 Nxd7 17. N@e6 
P@g4 18. Nxd8 Raxd8 19. B@e6 N@f6 20. Bxg4 fxg4 21. Qxg4 B@g6 22. P@g5 Rxf7 
23. gxf6 Nxf6 24. Qh4 N@f5 25. Bxf5 Bxf5 26. P@g5 Ng4 27. N@e6 Bxe6 28. N@g6# 
{LINDEGREN resigns} 1-0

[Event "fics rated crazyhouse match"]
[Site "fics, Oklahoma City, OK USA"]
[Date "2000.12.17"]
[White "LINDEGREN"]
[WhiteElo "2367"]
[Black "Thufir"]
[BlackElo "2350"]
[TimeControl "60+0"]
[Result "1-0"]

1. e4 e6 2. d4 d6 3. Nc3 Nf6 4. Nf3 Be7 5. Bb5+ Bd7 6. Bxd7+ 
Qxd7 7. O-O B@g4 8. B@e2 O-O 9. Be3 Nc6 10. d5 Ne5 11. Nxe5 Bxe2 
12. Qxe2 dxe5 13. Rad1 exd5 14. Nxd5 P@d4 15. Nxe7+ Qxe7 16. N@f5 Qd7 17. P@h6 
dxe3 18. hxg7 B@g6 19. gxf8=Q+ Kxf8 20. P@g7+ Ke8 21. R@f8# 
{Thufir checkmated} 1-0

[Event "fics rated crazyhouse match"]
[Site "fics, Oklahoma City, OK USA"]
[Date "2000.12.17"]
[White "JiggaB"]
[WhiteElo "2268"]
[Black "roboRPETE"]
[BlackElo "2338"]
[TimeControl "0+1"]
[Result "1-0"]

1. e4 Nf6 2. Nc3 d5 3. e5 d4 4. exf6 dxc3 5. fxg7 cxd2+ 6. Qxd2 
Qxd2+ 7. Bxd2 Q@e6+ 8. Q@e2 Qxe2+ 9. Bxe2 Bxg7 10. N@h5 Q@d4 11. Bc3 Qxc3+ 
12. bxc3 Bxc3+ 13. P@d2 Bxa1 14. P@g7 R@c1+ 15. Q@d1 Rxd1+ 16. Bxd1 Q@e4+ 17. R@e3 
Qxg2 18. gxh8=Q+ Bxh8 19. R@g3 Qxh1 20. Q@g8+ R@f8 21. Qxf8+ Kd7 22. Qxe7+ Kc6 
23. Bf3+ Qxf3 24. Nxf3 B@d6 25. Q@c4+ Kb6 26. P@c5+ Kc6 27. Nd4+ Bxd4 28. Qxd4 
Bxe7 29. B@g2+ P@f3 30. R@h6+ P@e6 31. Bxf3+ Kb5 32. P@a4+ Ka6 33. Qc4+ b5 
34. Qxb5# 
{roboRPETE checkmated} 1-0

[Event "fics rated crazyhouse match"]
[Site "fics, Oklahoma City, OK USA"]
[Date "2000.12.17"]
[White "roboRPETE"]
[WhiteElo "2306"]
[Black "JiggaB"]
[BlackElo "2278"]
[TimeControl "0+1"]
[Result "0-1"]

1. e4 e6 2. Nc3 Nc6 3. d4 Nf6 4. Nf3 Bb4 5. Bd3 d5 6. exd5 
exd5 7. Qe2+ P@e4 8. P@g5 Ng4 9. Bb5 Bd7 10. O-O O-O 11. Bxc6 bxc6 
12. Ne5 Nxe5 13. dxe5 B@g4 14. f3 N@d4 15. Qd1 Bxc3 16. fxg4 N@e2+ 17. Kh1 
Ba5 18. N@b7 Nxc1 19. Nxd8 Raxd8 20. N@e7+ Kh8 21. Rxc1 B@e2 22. Qxd4 Bxf1 
23. Rxf1 N@e2 24. Qxa7 Rde8 25. Qxa5 Rxe7 26. B@a3 R@g1+ 27. Rxg1 N@f2# 
{roboRPETE checkmated} 0-1

[Event "fics rated crazyhouse match"]
[Site "fics, Oklahoma City, OK USA"]
[Date "2000.12.17"]
[White "JiggaB"]
[WhiteElo "2287"]
[Black "roboRPETE"]
[BlackElo "2279"]
[TimeControl "0+1"]
[Result "0-1"]

1. e4 Nf6 2. Nc3 Nc6 3. Nf3 e5 4. Bc4 Bc5 5. d3 Ng4 6. O-O 
d6 7. Ng5 O-O 8. h3 Nh6 9. Nxf7 Rxf7 10. Bxh6 gxh6 11. Bxf7+ Kxf7 
12. Qh5+ Kg7 13. N@d5 N@f7 14. P@f6+ Kf8 15. R@g7 B@e6 16. Rxh7 B@g5 17. P@e7+ 
Nxe7 18. fxe7+ Bxe7 19. Nxe7 Kxe7 20. N@g6+ Ke8 21. Nh8 Qg5 22. Nxf7 P@h2+ 
23. Kh1 Qxh5 24. N@f6+ Kf8 25. B@g7+ Kxf7 26. Ng4 Bxg4 27. hxg4 Q@g1+ 28. Rxg1 
hxg1=Q+ 29. Kxg1 R@h1# 
{JiggaB checkmated} 0-1

[Event "fics rated crazyhouse match"]
[Site "fics, Oklahoma City, OK USA"]
[Date "2000.12.18"]
[White "Leech"]
[WhiteElo "2240"]
[Black "Gnejs"]
[BlackElo "2441"]
[TimeControl "120+0"]
[Result "0-1"]

1. e4 e6 2. d4 b6 3. Nc3 Bb7 4. Nf3 Nf6 5. e5 Nd5 6. Be2 
Bb4 7. Bd2 Bxc3 8. bxc3 N@e4 9. c4 Nxd2 10. Nxd2 Nc3 11. B@f3 B@c6 
12. Qc1 Nxe2 13. Kxe2 Bxf3+ 14. gxf3 B@c3 15. B@e3 B@b2 16. Qg1 Bxd4 17. Bxd4 
Bxd4 18. Qxg7 B@f6 19. exf6 Qxf6 20. Qxf6 Bxf6 21. N@g4 Bxf3+ 22. Nxf3 Q@e4+ 
23. N@e3 P@e7 24. B@d3 Qxf3+ 25. Kxf3 N@g5+ 26. Ke2 P@f3+ 27. Kd2 Bxa1 28. Rxa1 
P@c3+ 29. Kxc3 Nc6 30. B@g7 Rg8 31. B@h6 b5 32. Bxg5 b4+ 33. Kd2 R@e2+ 
34. Bxe2 fxe2 35. Kxe2 B@f3+ 36. Kxf3 Ne5# 
{Leech forfeits on time} 0-1

[Event "fics rated crazyhouse match"]
[Site "fics, Oklahoma City, OK USA"]
[Date "2000.12.18"]
[White "Gnejs"]
[WhiteElo "2445"]
[Black "Leech"]
[BlackElo "2236"]
[TimeControl "120+0"]
[Result "0-1"]

1. e4 Nf6 2. Nc3 d5 3. exd5 Nxd5 4. d4 Nc6 5. Nf3 e6 6. Nxd5 
exd5 7. Be2 Bd6 8. N@h5 Rg8 9. Nf4 Bxf4 10. Bxf4 N@e6 11. Be5 P@e4 
12. P@b5 exf3 13. Bxf3 Nxe5 14. dxe5 N@d4 15. Bh5 B@e4 16. O-O Qg5 17. N@g3 
Qxh5 18. Qxh5 B@g6 19. Qxg6 N@e2+ 20. Kh1 Bxg2+ 21. Kxg2 P@f3+ 22. Kh3 N6f4+ 
23. Kh4 Nxg6+ 24. Kg5 Q@f4+ 25. Kh5 Qh4# 
{Gnejs checkmated} 0-1

[Event "fics rated crazyhouse match"]
[Site "fics, Oklahoma City, OK USA"]
[Date "2000.12.18"]
[White "Leech"]
[WhiteElo "2248"]
[Black "Gnejs"]
[BlackElo "2432"]
[TimeControl "120+0"]
[Result "1-0"]

1. e4 Nf6 2. e5 Nd5 3. Bc4 e6 4. Bxd5 exd5 5. Nc3 Nc6 6. d4 
d6 7. Nf3 dxe5 8. Nxe5 Nxe5 9. dxe5 d4 10. Ne4 B@a5+ 11. P@c3 Be7 
12. N@h5 Rg8 13. Nxg7+ Rxg7 14. P@f6 Rxg2 15. fxe7 Qxe7 16. B@f6 Qd7 17. N@g7+ 
Kf8 18. Bh6 Kg8 19. Qf3 dxc3 20. bxc3 N@d4 21. Qxg2 Bxc3+ 22. Nxc3 Nxc2+ 
23. Kf1 Qh3 24. R@e8+ N@f8 25. Rxf8+ Kxf8 26. P@e7+ Kg8 27. e8=Q+ R@f8 28. N@e7+ 
Kh8 29. Qxf8# 
{Gnejs checkmated} 1-0

[Event "fics rated crazyhouse match"]
[Site "fics, Oklahoma City, OK USA"]
[Date "2000.12.18"]
[White "Gnejs"]
[WhiteElo "2420"]
[Black "Leech"]
[BlackElo "2260"]
[TimeControl "120+0"]
[Result "1-0"]

1. e4 e6 2. d4 Nf6 3. e5 Nd5 4. Nf3 Nc6 5. c4 Nb6 6. Nc3 
d5 7. exd6 cxd6 8. Bf4 P@c7 9. Bd3 Be7 10. O-O d5 11. c5 Nd7 
12. Nb5 O-O 13. Bxc7 Qe8 14. Bd6 Nxc5 15. dxc5 P@e4 16. Bxe7 Nxe7 17. Nd6 
exd3 18. Nxe8 Rxe8 19. P@h6 B@f6 20. N@h5 Bxb2 21. hxg7 Bxg7 22. Nxg7 N@e2+ 
23. Qxe2 dxe2 24. N@f6+ Kf8 25. Nxh7+ Kg8 26. Nf6+ Kf8 27. Q@h8+ B@g8 28. Nh7# 
{Leech checkmated} 1-0

[Event "fics rated crazyhouse match"]
[Site "fics, Oklahoma City, OK USA"]
[Date "2000.12.18"]
[White "Leech"]
[WhiteElo "2255"]
[Black "Gnejs"]
[BlackElo "2425"]
[TimeControl "120+0"]
[Result "0-1"]

1. e4 Nf6 2. e5 Nd5 3. Bc4 Nb6 4. Bxf7+ Kxf7 5. Nf3 e6 6. d4 
Be7 7. P@h6 g6 8. O-O d5 9. exd6 cxd6 10. P@e5 d5 11. Nbd2 B@h5 
12. Re1 Nc6 13. c3 P@e4 14. Rxe4 dxe4 15. Nxe4 Qd5 16. Nfg5+ Ke8 17. P@f7+ 
Kd7 18. P@g4 Bxg4 19. Qxg4 R@e1+ 20. B@f1 P@e2 21. Qxe2 Rxe2 22. Bxe2 Q@e1+ 
23. R@f1 Qxe2 24. Be3 Bxg5 25. Bxg5 Qexe4 26. P@f3 N@e2+ 27. Kh1 Qxf3 28. gxf3 
Qxf3+ 29. B@g2 Qxg2+ 30. Kxg2 P@h3+ 31. Kf3 B@h5+ 32. Ke3 Nc4+ 33. Kd3 Nxb2+ 
34. Kc2 B@d3+ 35. Kxb2 N@c4+ 36. Kb3 N6a5+ 37. Ka4 b5+ 38. Kb4 Nc6+ 39. Kxb5 
a6+ 40. Ka4 P@b5+ 41. Kb3 P@a4# 
{Leech checkmated} 0-1

[Event "fics rated crazyhouse match"]
[Site "fics, Oklahoma City, OK USA"]
[Date "2000.12.18"]
[White "Gnejs"]
[WhiteElo "2429"]
[Black "Leech"]
[BlackElo "2251"]
[TimeControl "120+0"]
[Result "1-0"]

1. e4 Nf6 2. Nc3 e6 3. d4 Nc6 4. e5 Nd5 5. Nf3 Bb4 6. Bd2 
Bxc3 7. bxc3 N@e4 8. Bd3 Nexc3 9. Bxc3 Nxc3 10. N@h5 B@h6 11. B@d2 Nxd1 
12. Bxh6 Qe7 13. Nxg7+ Kd8 14. Rxd1 P@g4 15. Bg5 gxf3 16. Bxe7+ Nxe7 17. P@d6 
B@b4+ 18. B@d2 Bxd2+ 19. Rxd2 Q@b1+ 20. Q@d1 Qxd1+ 21. Rxd1 B@a5+ 22. B@d2 Bxd2+ 
23. Rxd2 Q@b1+ 24. N@d1 cxd6 25. exd6 
{Leech resigns} 1-0

[Event "fics rated crazyhouse match"]
[Site "fics, Oklahoma City, OK USA"]
[Date "2000.12.18"]
[White "Leech"]
[WhiteElo "2247"]
[Black "Gnejs"]
[BlackElo "2433"]
[TimeControl "120+0"]
[Result "0-1"]

1. e4 Nf6 2. e5 Nd5 3. Bc4 e6 4. Bxd5 exd5 5. Nc3 Nc6 6. d4 
d6 7. Nf3 dxe5 8. Nxe5 Nxe5 9. dxe5 N@h4 10. Rg1 P@h3 11. N@f4 Nxg2+ 
12. Nxg2 hxg2 13. Nxd5 Be7 14. P@f6 B@b4+ 15. P@c3 Be6 16. fxg7 Qxd5 17. gxh8=Q+ 
Kd7 18. R@d3 Qxd3 19. Qxd3+ R@d5 20. Qxa8 N@c8 21. Qxc8+ Kxc8 22. R@a8+ N@b8 
23. Qxd5 Bxc3+ 24. bxc3 P@d7 25. Q@e8+ Bd8 26. P@e7 P@d2+ 27. Bxd2 c6 28. P@d6 
b6 29. exd8=Q+ Kb7 
{Leech forfeits on time} 0-1

[Event "fics rated crazyhouse match"]
[Site "fics, Oklahoma City, OK USA"]
[Date "2000.12.18"]
[White "Gnejs"]
[WhiteElo "2437"]
[Black "Leech"]
[BlackElo "2243"]
[TimeControl "120+0"]
[Result "1-0"]

1. e4 e6 2. d4 Nf6 3. e5 Ne4 4. Nh3 d5 5. Be2 Be7 6. O-O 
Nc6 7. Nc3 O-O 8. Nxe4 dxe4 9. c3 N@h4 10. g3 Ng6 11. N@g5 Ncxe5 
12. Nxe4 P@f3 13. Bxf3 Nxf3+ 14. Qxf3 B@f5 15. P@g2 Bxh3 16. gxh3 f5 17. Nd2 
N@g5 18. Qg2 Qd5 19. f3 e5 20. N@e3 Qf7 21. B@b3 Be6 22. Bxe6 Nxe6 
23. d5 Ng5 24. P@e6 Qe8 25. B@f7+ Rxf7 26. exf7+ Qxf7 27. Nxf5 Qxf5 28. Ne4 
Nxe4 29. fxe4 P@f3 30. Rxf3 Qxf3 31. Qxf3 R@e1+ 32. R@f1 N@e2+ 33. Qxe2 Rxe2 
34. P@f7+ Kh8 35. Q@g8+ Rxg8 36. fxg8=Q+ Kxg8 37. P@f7+ Kh8 38. R@g8# 
{Leech checkmated} 1-0

[Event "fics rated crazyhouse match"]
[Site "fics, Oklahoma City, OK USA"]
[Date "2000.12.18"]
[White "Leech"]
[WhiteElo "2239"]
[Black "Gnejs"]
[BlackElo "2441"]
[TimeControl "120+0"]
[Result "0-1"]

1. e4 Nf6 2. e5 Nd5 3. Bc4 e6 4. Bxd5 exd5 5. d4 Nc6 6. Nc3 
d6 7. Nf3 dxe5 8. Nxe5 Nxe5 9. dxe5 B@b6 10. Nxd5 Bxf2+ 11. Kxf2 N@e4+ 
12. Ke3 Be6 13. B@b3 Bc5+ 14. P@d4 Bxd5 15. dxc5 N@f5+ 16. Ke2 P@c4 17. Ba4+ 
P@c6 18. P@d3 cxd3+ 19. cxd3 Neg3+ 20. hxg3 Nxg3+ 21. Kd2 Nxh1 22. Qxh1 Qg5+ 
23. P@e3 R@f2+ 24. B@e2 P@d4 25. Kd1 Rxg2 26. N@h3 Rg1+ 27. Qxg1 Qxg1+ 28. Nxg1 
P@f2 29. Q@f1 Q@e1+ 30. Qxe1 fxe1=Q+ 31. Kxe1 P@h2 32. Q@f1 hxg1=Q 33. Qxg1 dxe3 
34. Bxe3 Q@h4+ 35. P@g3 Qxa4 36. P@b3 B@a5# 
{Leech forfeits on time} 0-1

[Event "fics rated crazyhouse match"]
[Site "fics, Oklahoma City, OK USA"]
[Date "2000.12.18"]
[White "Gnejs"]
[WhiteElo "2445"]
[Black "Leech"]
[BlackElo "2235"]
[TimeControl "120+0"]
[Result "1-0"]

1. e4 Nf6 2. Nc3 d5 3. exd5 Nxd5 4. d4 Nxc3 5. bxc3 e5 6. Bc4 
P@d5 7. Bb5+ c6 8. Bd3 e4 9. Bf1 Bd6 10. P@e5 Be7 11. N@h5 Rg8 
12. Nxg7+ Rxg7 13. P@f6 Rg8 14. fxe7 Qxe7 15. B@d6 Qe6 16. Bxb8 Rxb8 17. N@c7+ 
Kd8 18. Nxe6+ Bxe6 19. Q@d6+ Kc8 20. Rb1 P@c7 21. Rxb7 cxd6 22. Rxb8+ Kxb8 
23. exd6 B@b6 24. P@c7+ Bxc7 25. dxc7+ Kxc7 26. Bf4+ P@d6 27. B@g3 P@e7 28. P@c5 
N@c8 29. cxd6+ exd6 30. P@c5 P@e7 31. cxd6+ exd6 32. Bxd6+ Nxd6 33. P@c5 P@e7 
34. cxd6+ exd6 35. N@a6+ Kd7 36. R@c7+ Ke8 37. Bxd6 B@d7 38. P@b7 R@d8 39. b8=Q 
Rxb8 40. Nxb8 Q@d8 41. Nxd7 Bxd7 42. P@e7 Qxc7 43. R@f8+ Rxf8 44. exf8=Q# 
{Leech checkmated} 1-0

[Event "fics rated crazyhouse match"]
[Site "fics, Oklahoma City, OK USA"]
[Date "2000.12.18"]
[White "Leech"]
[WhiteElo "2231"]
[Black "Gnejs"]
[BlackElo "2449"]
[TimeControl "120+0"]
[Result "0-1"]

1. e4 e6 2. d4 Nf6 3. e5 Nd5 4. Nc3 Nxc3 5. bxc3 Nc6 6. Bb5 
d6 7. Nf3 Bd7 8. exd6 cxd6 9. O-O N@e4 10. Bd2 P@g4 11. Ne1 Nxd2 
12. Qxd2 a6 13. Be2 B@h6 14. P@e3 e5 15. N@d5 Rc8 16. N@b6 Be7 17. Nxc8 
Bxc8 18. dxe5 Nxe5 19. P@c7 Qd7 20. Nxe7 Kxe7 21. B@d8+ Rxd8 22. cxd8=Q+ Kxd8 
23. R@h8+ N@e8 24. Rxh7 N@e4 25. Qd4 N4f6 26. Rxh6 gxh6 27. P@f4 Nc6 28. Qd2 
B@d5 29. B@h1 P@h3 30. f3 hxg2 31. Bxg2 P@h3 32. P@e4 hxg2 33. Nxg2 Bxe4 
34. fxe4 Nxe4 35. Qd5 P@f2+ 36. Rxf2 R@h1+ 37. Kxh1 Nxf2# 
{Leech forfeits on time} 0-1